 Dungeon Crawl Stone Soup version 0.17.0-7-gfadd4cc (console) character file.

685405 John the Conqueror (level 27, -15/245 HPs)
             Began as a Minotaur Berserker on Nov 6, 2015.
             Was an Elder of Zin.
             Demolished by a stone giant (35 damage)
             ... created by the rage of Trog
             ... on level 1 of the Tomb of the Ancients on Nov 8, 2015.
             The game lasted 08:03:50 (102460 turns).

John the Conqueror (Minotaur Berserker)           Turns: 102460, Time: 08:03:50

Health: -15/245    AC: 48    Str: 30 (36) XL:     27
Magic:  22/22      EV: 24    Int:  3      God:    Zin [****..]
Gold:   5981       SH:  0    Dex: 18 (20) Spells: 0 memorised, 26 levels left

rFire  + + +     SeeInvis .     j - +7 exec axe {chop, rN+++ Str+4 Dex-3}
rCold  + + +     Clarity  +     V - +12 gold dragon armour
rNeg   + + +     SustAt   .     (shield currently unavailable)
rPois  +         Gourm    .     T - +0 hat
rElec  +         Spirit   .     n - +0 cloak {MR+}
rCorr  .         Warding  .     R - +2 pair of gloves {Str+3}
rMut   .         Stasis   .     q - +1 pair of boots of Cheibriados's Regard {Str+2}
MR     +++..                    v - amulet "Vutunlomn" {Clar rF+ rC++}
Stlth  ..........               A - ring of protection from fire
                                d - ring "Etzugubi" {rElec Str+3 Int-3 Dex+6}

@: extremely resistant to hostile enchantments, extremely unstealthy
A: retaliatory headbutt, horns 2, frail 1, weak 1
a: Recite, Vitalisation, Imprison, Donate Gold, Renounce Religion
}: 4/15 runes: barnacled, slimy, silver, gossamer


You were on level 1 of the Tomb of the Ancients.
You worshipped Zin.
Zin was greatly pleased with you.
You were not hungry.

You visited 13 branches of the dungeon, and saw 64 of its levels.
You visited the Abyss 1 time.

You collected 9064 gold pieces.
You spent 2949 gold pieces at shops.
You donated 134 gold pieces to Zin.

Inventory:

Hand Weapons
 j - the +7 executioner's axe of Patterns (weapon) {chop, rN+++ Str+4 Dex-3}
   (Trog gifted it to you on level 2 of the Depths)

   It inflicts extra damage upon your enemies.
   It affects your strength (+4).
   It affects your dexterity (-3).
   It renders you almost immune to negative energy.
 H - the +6 blowgun of Yruaxoyj {evade, Dex+3}
   (You found it on level 3 of the Elven Halls)

   It affects your evasion (+5 to EV).
   It affects your dexterity (+3).
 O - the +8 battleaxe of Urgency {flame, rElec rC+ Str+4 Int+4}
   (Trog gifted it to you on level 5 of the Vaults)

   It has been specially enchanted to burn those struck by it, causing extra
   injury to most foes and up to half again as much damage against particularly
   susceptible opponents.
   Big, fiery blades are also staple armaments of hydra-hunters.
   It affects your strength (+4).
   It affects your intelligence (+4).
   It protects you from cold.
   It insulates you from electricity.
Missiles
 x - 9 needles of confusion
 E - 35 steel javelins
 G - 2 needles of frenzy
 M - 4 javelins of penetration (quivered)
 S - 12 curare-tipped needles
Armour
 n - a +0 cloak of magic resistance (worn)
 q - the +1 pair of boots of Cheibriados's Regard (worn) {Str+2}
   (You bought it in a shop on level 2 of the Orcish Mines)

   It affects your strength (+2).
 Q - the +4 dragonskin cloak
   (You took it off Tiamat on level 5 of the Realm of Zot)
 R - a +2 pair of gloves of strength (worn)
 T - a +0 hat (worn)
 V - a +12 gold dragon armour (worn)
Jewellery
 d - the ring "Etzugubi" (left hand) {rElec Str+3 Int-3 Dex+6}
   (You found it on level 6 of the Pits of Slime)

   [ring of strength]

   It affects your strength (+3).
   It affects your intelligence (-3).
   It affects your dexterity (+6).
   It insulates you from electricity.
 e - an uncursed amulet of regeneration
 i - the ring "Ceigh" {rPois Str+2}
   (You found it on level 2 of the Depths)

   [ring of poison resistance]

   It affects your strength (+2).
   It protects you from poison.
 s - an uncursed ring of see invisible
 v - the amulet "Vutunlomn" (around neck) {Clar rF+ rC++}
   (You found it on level 4 of the Depths)

   [amulet of clarity]

   It provides mental clarity.
   It protects you from fire.
   It greatly protects you from cold.
 A - a ring of protection from fire (right hand)
 N - an uncursed amulet of resist corrosion
Wands
 t - a wand of disintegration (11)
 y - a wand of hasting (0)
 B - a wand of teleportation (4)
 F - a wand of hasting (1)
 J - a wand of digging (7)
 L - a wand of heal wounds (2)
Scrolls
 b - 10 scrolls of identify
 g - a scroll of recharging
 o - 4 scrolls of fog
 p - 4 scrolls of blinking
 z - 15 scrolls of remove curse
 D - 20 scrolls of teleportation
 I - 7 scrolls of fear
 K - 6 scrolls of silence
 P - 14 scrolls of magic mapping
 U - a scroll of holy word
Potions
 a - 11 potions of haste
 f - 6 potions of invisibility
 h - 19 potions of curing
 l - 8 potions of agility
 m - 5 potions of resistance
 r - 3 potions of cure mutation
 u - 5 potions of cancellation
 w - 4 potions of flight
 W - 5 potions of heal wounds
 X - 5 potions of might
Miscellaneous
 C - a phial of floods
Comestibles
 c - a beef jerky
 k - 14 meat rations


   Skills:
 O Level 27 Fighting
 - Level 26.2 Axes
 + Level 13.1 Throwing
 O Level 27 Armour
 O Level 27 Dodging


You had 26 spell levels left.
You didn't know any spells.

Dungeon Overview and Level Annotations

Branches:
Dungeon (15/15)            Temple (1/1) D:7            Lair (8/8) D:8
 Shoals (4/4) Lair:3       Spider (4/4) Lair:6        Slime (6/6) Lair:7
    Orc (4/4) D:11            Elf (3/3) Orc:3        Vaults (5/5) D:14
  Crypt (3/3) Vaults:2       Tomb (1/3) Crypt:3      Depths (5/5) D:15
    Zot (5/5) Depths:5

Altars:
Ashenzari
Cheibriados
Dithmenos
Elyvilon
Fedhas
Gozag
Kikubaaqudgha
Makhleb
Nemelex Xobeh
Okawaru
Qazlal
Ru
Sif Muna
Trog
Vehumet
Xom
Yredelemnul
Zin
The Shining One
Beogh

Shops:
Orc:2 *   Orc:4 }(*[:   Elf:2 %   Shoals:1 (

Portals:
Hell: Depths:1 Depths:2 Depths:3 Depths:4 Depths:5
Abyss: Depths:1 Depths:4 Depths:5
Pandemonium: Depths:3 Depths:4
Ziggurat: Depths:2

Annotations:
D:14 exclusion: Roxanne, Roxanne
Elf:2 exclusion: door
Zot:5 1 exclusion


Innate Abilities, Weirdness & Mutations

You reflexively headbutt those who attack you in melee.
You have a pair of horns on your head.
You are frail (-10% HP).
You are weak. (Str -2)


Message History

You kill the hill giant!
That felt strangely unrewarding.
You slash the hill giant!
The hill giant is almost dead.
You hit the stone giant but do no damage.
The stone giant is severely wounded.
The stone giant completely misses you.
You hit the stone giant but do no damage.
Your headbutt misses the stone giant.
The stone giant is severely wounded.
You hit the stone giant.
The stone giant is lightly wounded.
The hill giant rages.
The stone giant hits you!!!
* * * LOW HITPOINT WARNING * * *
Drink which item? (? for menu, Esc to quit)
You feel much better. The stone giant closely misses you.
The stone giant hits you!!!
* * * LOW HITPOINT WARNING * * *
The stone giant hits you!!
You die...

#.........# #.........#
#.........# #.........#
#.........# #.........#
#........C# #.......CC#
#........@#
#.........################
#..............4..........
#................M.M..M.!.
#.........................
#.........................
#.........................
#.........................
#.........................


You could see 2 stone giants and a hill giant (berserk).

Vanquished Creatures
  the royal jelly (Slime:6)
  Dissolution (Slime:3)
  Tiamat (Zot:5)
  Khufu (Crypt:2)
  An orb of fire (Zot:2)
  An ancient lich (Crypt:3)
  4 greater mummies
  Sojobo (Vaults:2)
  Frederick (Crypt:1)
  Norris (Elf:3)
  A curse toe (Zot:1)
  12 golden dragons
  Jory (Depths:5)
  2 bone dragons
  2 electric golems
  Jorgrun (Crypt:1)
  The ghost of puimuR the Executioner, an adept DDAr of Makhleb (Vaults:5)
  Rupert (Lair:6)
  20 tentacled monstrosities
  3 Orb Guardians
  2 deep elf blademasters (Elf:3)
  Asterion (Spider:3)
  4 liches
  A quicksilver dragon (Vaults:5)
  2 deep elf master archers (Elf:3)
  5 titans
  11 acid blobs
  9 sphinxes
  5 death cobs
  Polyphemus (Shoals:3)
  An eldritch tentacle (Crypt:3)
  An octopode crusher (Depths:3)
  A kraken (Shoals:1)
  Agnes (Spider:2)
  4 shadow dragons
  Kirke (Shoals:1)
  6 tengu reavers
  7 ancient champions
  17 storm dragons
  7 draconian monks
  5 deep elf sorcerers
  Wiglaf (Crypt:1)
  3 revenants
  16 azure jellies
  6 draconian knights
  A balrug (Depths:4)
  5 frost giants
  9 fire giants
  4 draconian zealots (Zot:4)
  Aizul (Elf:1)
  3 draconian scorchers
  6 emperor scorpions
  11 vault wardens
  2 iron dragons
  7 curse skulls
  A juggernaut zombie (Crypt:1)
  11 ghost moths
  An orc warlord (Orc:4)
  7 draconian shifters
  11 draconian annihilators
  5 ghouls
  8 ironheart preservers
  5 war gargoyles
  27 stone giants
  A caustic shrike skeleton (Crypt:1)
  4 spriggan defenders
  5 draconian callers
  6 very ugly things
  7 deep elf demonologists
  7 green draconians
  Nessos (D:14)
  7 dire elephants
  5 vampire knights
  7 deep elf annihilators
  7 black draconians
  6 red draconians
  9 purple draconians
  9 white draconians
  15 yellow draconians
  A salamander stormcaller (Vaults:3)
  9 mottled draconians
  Snorg (D:11)
  13 fire dragons
  14 ettins
  5 mummy priests
  9 deep elf death magi
  7 merfolk javelineers
  8 merfolk impalers
  8 death oozes (Slime:6)
  An eidolon (Crypt:1)
  17 great orbs of eyes
  A crystal guardian (Vaults:4)
  Josephine (D:12)
  28 vault guards
  11 jiangshi
  18 yaktaur captains
  3 rakshasas
  5 deep elf high priests
  2 spriggan air magi
  Harold (Lair:1)
  15 centaur warriors
  A hell beast (Depths:3)
  8 entropy weavers
  2 catoblepae
  26 ice dragons
  2 monstrous demonspawn
  3 hydras
  An anaconda (Lair:8)
  6 death knights
  4 merfolk avatars
  A dancing weapon (Elf:2)
  9 deep troll earth magi
  7 deep troll shamans
  12 death yaks
  4 merfolk aquamancers
  13 ogre magi
  5 alligator snapping turtles
  8 tengu warriors
  A satyr (Shoals:3)
  An orc high priest (Elf:3)
  8 spriggan berserkers
  2 titan zombies
  8 vampire magi
  A hell knight (Depths:4)
  23 deep elf knights
  9 spriggans
  7 soul eaters
  2 fire crabs
  2 shadow wraiths
  5 iron trolls
  10 sea snakes
  53 skeletal warriors
  8 unseen horrors
  2 giant orange brains (Depths:5)
  A kraken simulacrum (Shoals:4)
  6 death scarabs (Tomb:1)
  7 flayed ghosts
  A harpy (shapeshifter) (Vaults:5)
  46 deep trolls
  10 phantasmal warriors
  19 harpies
  An anubis guard (Tomb:1)
  3 wizards
  8 deep elf summoners
  A wolf spider zombie (D:15)
  13 deep elf conjurers
  13 ironbrand convokers
  28 hill giants
  A swamp dragon (Lair:8)
  13 manticores
  13 orb spiders
  33 wolf spiders
  18 griffons
  5 necromancers
  A shining eye (Slime:6)
  A frost giant zombie (Vaults:2)
  A stone giant zombie (Crypt:3)
  11 orc knights
  61 ugly things
  17 cyclopes
  5 hornets
  7 water nymphs
  An iron dragon skeleton (Tomb:1)
  4 orc sorcerers
  12 fauns
  A shock serpent zombie (Crypt:3)
  5 eyes of devastation
  26 moths of wrath
  20 elephants
  2 frost giant skeletons
  2 black mambas
  An octopode (shapeshifter) (Vaults:1)
  10 sirens
  3 stone giant skeletons (Crypt:3)
  11 large abominations
  8 gargoyles
  11 vault sentinels
  5 fire giant skeletons (Crypt:3)
  An orange demon (Depths:4)
  2 molten gargoyles (Lair:3)
  A rust devil (Depths:4)
  A death yak zombie (Crypt:2)
  An emperor scorpion zombie (Crypt:3)
  3 kobold demonologists (Vaults:1)
  19 spiny frogs
  6 komodo dragons
  A hellwing (Depths:3)
  72 yaktaurs
  18 deep elf priests
  2 fire drakes (Lair:6)
  A queen bee (shapeshifter) (D:9)
  12 freezing wraiths
  8 guardian mummies (Tomb:1)
  A queen bee (D:11)
  A redback zombie (Crypt:2)
  A silent spectre (Depths:3)
  5 tengu conjurers
  A jumping spider (shapeshifter) (Vaults:3)
  18 demonic crawlers
  28 merfolk
  2 polar bears
  3 hydra zombies
  5 trolls
  15 wind drakes
  66 slime creatures
  A frost giant simulacrum (Depths:2)
  19 jumping spiders
  22 two-headed ogres
  2 ettin zombies
  3 ushabtiu (Tomb:1)
  A harpy skeleton (Crypt:1)
  A bog body (Crypt:2)
  A blink frog (shapeshifter) (D:14)
  17 blink frogs
  A fire dragon zombie (Crypt:2)
  6 snapping turtles
  An ice dragon zombie (Crypt:3)
  7 boulder beetles
  36 deep elf magi
  49 redbacks
  11 trapdoor spiders
  2 tarantellas (shapeshifter)
  Sigmund (D:3)
  A spriggan skeleton (Depths:2)
  A spriggan (shapeshifter) (Vaults:3)
  A hill giant zombie (D:11)
  26 flying skulls
  4 vampires
  18 wraiths
  19 tarantellas
  2 wyverns
  11 fire dragon skeletons (Crypt:3)
  10 air elementals (Depths:1)
  7 basilisks
  3 shadows
  6 hogs (Shoals:1)
  14 water elementals
  Grum (Lair:1)
  10 hungry ghosts
  41 deep elf fighters
  5 golden eyes (Slime:4)
  14 vampire mosquitoes
  A steam dragon (D:14)
  102 yaks
  A mottled dragon (Vaults:2)
  2 basilisks (shapeshifter)
  2 wargs
  13 hippogriffs
  A warg (shapeshifter) (Vaults:5)
  15 wolves
  A putrid demonspawn zombie (Crypt:1)
  15 insubstantial wisps
  20 water moccasins
  A faun skeleton (Crypt:1)
  31 orc warriors
  3 phantoms
  13 wasps
  20 porcupines
  8 spiders
  2 spiny frog skeletons (Crypt:3)
  7 black bears
  A manticore zombie (Crypt:3)
  A sky beast (shapeshifter) (Vaults:1)
  A snapping turtle zombie (Crypt:3)
  An eye of draining (shapeshifter) (Vaults:1)
  6 ice beasts
  A swamp dragon zombie (Crypt:3)
  An ettin simulacrum (Vaults:2)
  18 crocodiles
  5 eyes of draining
  8 necrophages
  4 sky beasts
  5 big kobolds
  62 ogres
  35 centaurs
  A torpor snail zombie (Crypt:1)
  A swamp dragon skeleton (Crypt:3)
  A hog skeleton (Crypt:1)
  A brain worm (shapeshifter) (Elf:3)
  15 giant frogs
  A fire drake skeleton (Crypt:1)
  7 small abominations
  5 scorpions
  A troll zombie (D:11)
  An electric eel (Spider:1)
  12 wights
  A troll skeleton (Crypt:3)
  39 killer bees
  A killer bee (shapeshifter) (Vaults:1)
  A quasit (D:6)
  5 lava snakes (Lair:3)
  3 centaur zombies
  9 crimson imps
  36 orc wizards
  27 jellies
  2 centaur skeletons
  3 giant frog zombies
  31 orc priests
  A human skeleton (Crypt:3)
  8 giant frog skeletons
  15 iguanas
  10 hounds
  12 worker ants
  2 killer bee zombies
  34 sheep
  A mottled dragon skeleton (Crypt:2)
  6 ogre zombies (D:11)
  2 hound skeletons
  2 hound zombies
  8 mummies
  A worker ant zombie (D:6)
  11 adders
  10 gnolls
  2 shadow imps
  81 river rats
  An ufetubus (Vaults:1)
  2 adder zombies
  A lava snake zombie (Crypt:1)
  6 oozes
  3 worms
  2 adder skeletons
  4 giant geckos
  168 orcs
  A ball python (D:3)
  5 bats
  4 giant cockroaches
  6 hobgoblins
  24 kobolds
  8 quokkas
  A giant gecko skeleton (D:4)
  6 giant newts
  6 goblins
  A goblin skeleton (D:11)
  A goblin zombie (D:11)
  2 hobgoblin zombies (D:11)
  12 jackals
  2 jackal skeletons
  5 orc skeletons (D:11)
  16 orc zombies (D:11)
  8 rats
  8 crawling corpses
  2 fire vortices (Vaults:3)
  11 fungi
  3 lost souls
  29 plants
  3 tentacles
3131 creatures vanquished.

Vanquished Creatures (collateral kills)
  A juggernaut (Depths:5)
  Nikola (Depths:3)
  A sphinx (Vaults:5)
  Ilsuiw (Shoals:4)
  A vault warden (Vaults:5)
  Louise (Shoals:4)
  2 emperor scorpions (Spider:4)
  An ironheart preserver (Vaults:2)
  A stone giant (Depths:2)
  5 vault guards
  A merfolk impaler (Shoals:4)
  An entropy weaver (Spider:2)
  A rakshasa (Depths:1)
  A deep troll earth mage (Depths:3)
  A spriggan berserker (Depths:2)
  An orc high priest (Orc:4)
  A skeletal warrior (D:15)
  A deep elf summoner (Vaults:2)
  2 hill giants (Depths:2)
  3 deep trolls (Depths:2)
  A hornet (Spider:4)
  2 cyclopes (Depths:2)
  An ugly thing (Depths:1)
  A siren (Shoals:4)
  A gargoyle (D:14)
  4 yaktaurs (Vaults:4)
  A red devil (Depths:3)
  A jumping spider (Vaults:5)
  4 merfolk
  2 two-headed ogres (D:8)
  A snapping turtle (Shoals:4)
  A deep elf mage (Vaults:2)
  2 deep elf fighters (Vaults:2)
  A chaos spawn (Depths:3)
  A small abomination (Depths:5)
  2 orc warriors (Orc:4)
  Blork the orc (Orc:4)
  An orc wizard (Orc:4)
  An orc priest (Orc:4)
  4 sheep (Shoals:4)
61 creatures vanquished.

Vanquished Creatures (others)
  A deep elf knight (Elf:1)
  4 death scarabs (Tomb:1)
  17 ball lightnings (Depths:1)
  A demonic crawler (Spider:4)
  3 flying skulls (Tomb:1)
  A tarantella (Spider:4)
  A hippogriff (D:15)
  A bush (Lair:7)
  27 eldritch tentacle segments (Crypt:3)
  44 fungi
  7 lost souls
  139 plants
  20 tentacles
  359 tentacle segments
625 creatures vanquished.

Grand Total: 3817 creatures vanquished

Notes
Turn   | Place    | Note
--------------------------------------------------------------
     0 | D:1      | John the Minotaur Berserker began the quest for the Orb.
     0 | D:1      | Reached XP level 1. HP: 19/19 MP: 0/0
    55 | D:1      | Reached skill level 4 in Axes
   265 | D:1      | Reached XP level 2. HP: 26/26 MP: 1/1
   785 | D:2      | Reached skill level 5 in Axes
   973 | D:2      | Reached XP level 3. HP: 26/31 MP: 2/2
  1380 | D:3      | Noticed Sigmund
  1593 | D:3      | Reached ** piety under Trog
  1740 | D:3      | Reached XP level 4. HP: 27/39 MP: 3/3
  1834 | D:3      | Reached skill level 6 in Axes
  2319 | D:3      | Reached XP level 5. HP: 45/45 MP: 4/4
  2331 | D:3      | Reached skill level 7 in Axes
  2758 | D:4      | Found a shadowy altar of Dithmenos.
  3119 | D:4      | Reached skill level 8 in Axes
  3247 | D:4      | Reached XP level 6. HP: 47/51 MP: 5/5
  3321 | D:5      | Entered Level 5 of the Dungeon
  3457 | D:5      | Reached skill level 9 in Axes
  3520 | D:5      | Found a white marble altar of Elyvilon.
  3691 | D:5      | Found a basalt altar of Yredelemnul.
  3734 | D:5      | Reached XP level 7. HP: 48/57 MP: 6/6
  3740 | D:5      | Reached *** piety under Trog
  3853 | D:6      | Reached skill level 10 in Axes
  4291 | D:6      | Reached skill level 11 in Axes
  4396 | D:6      | Reached XP level 8. HP: 60/64 MP: 7/7
  4451 | D:6      | Found a stormy altar of Qazlal.
  4491 | D:6      | Reached skill level 12 in Axes
  5052 | D:7      | Reached skill level 13 in Axes
  5165 | D:7      | Reached **** piety under Trog
  5341 | D:7      | Found a radiant altar of Vehumet.
  5341 | D:7      | Found a burning altar of Makhleb.
  5472 | D:7      | Reached skill level 14 in Axes
  5472 | D:7      | Reached XP level 9. HP: 70/70 MP: 8/8
  5572 | D:7      | Found a staircase to the Ecumenical Temple.
  6013 | D:8      | Found a glowing golden altar of the Shining One.
  6233 | D:8      | Reached skill level 15 in Axes
  6626 | D:8      | Reached skill level 16 in Axes
  6951 | D:8      | Found a staircase to the Lair.
  6960 | Lair:1   | Entered Level 1 of the Lair of Beasts
  7156 | Lair:1   | Reached skill level 5 in Fighting
  7156 | Lair:1   | Reached XP level 10. HP: 51/81 MP: 9/9
  7390 | Lair:1   | Noticed Grum
  7448 | Lair:1   | Noticed Harold
  7465 | Lair:1   | Killed Harold
  7657 | Lair:1   | Reached ***** piety under Trog
  7706 | Lair:1   | Killed Grum
  7828 | Lair:1   | Noticed a spiny frog
  7834 | Lair:1   | Killed a spiny frog
  8116 | Lair:1   | Reached skill level 10 in Fighting
  8605 | Lair:1   | Reached XP level 11. HP: 80/104 MP: 10/10
 10348 | Lair:3   | Reached skill level 5 in Armour
 10571 | Lair:3   | Found a staircase to the Shoals.
 11381 | Lair:4   | Got a heavily runed leather armour
 11533 | Lair:4   | Received a gift from Trog
 11545 | Lair:4   | Got a pitted executioner's axe {god gift}
 11551 | Lair:4   | Identified the +1 executioner's axe of Fortitude {vamp, Dex+4} (Trog gifted it to you on level 4 of the Lair of Beasts)
 11709 | Lair:4   | Noticed a four-headed hydra
 12090 | Lair:2   | Reached skill level 10 in Armour
 12489 | Lair:4   | Noticed a seven-headed hydra
 12858 | Lair:4   | Killed an 11-headed hydra
 12858 | Lair:4   | Reached XP level 12. HP: 62/113 MP: 11/11
 14127 | Lair:5   | Received a gift from Trog
 14146 | Lair:5   | Got a steaming broad axe {god gift}
 14147 | Lair:5   | Identified the +4 broad axe of the Unliving {chop, rN++ SInv} (Trog gifted it to you on level 5 of the Lair of Beasts)
 15239 | Lair:6   | Reached skill level 15 in Armour
 15279 | Lair:6   | Found a hole to the Spider Nest.
 16148 | Lair:7   | Reached ****** piety under Trog
 16148 | Lair:7   | Reached XP level 13. HP: 119/119 MP: 12/12
 16398 | Lair:7   | Noticed Rupert
 16416 | Lair:6   | Killed Rupert
 16798 | Lair:7   | Found a staircase to the Slime Pits.
 17004 | Lair:7   | Noticed a catoblepas
 17029 | Lair:7   | Killed a catoblepas
 17492 | Lair:7   | Reached skill level 15 in Fighting
 17634 | Lair:6   | Received a gift from Trog
 18299 | Lair:8   | Entered Level 8 of the Lair of Beasts
 19822 | Lair:8   | Reached XP level 14. HP: 124/137 MP: 13/13
 19838 | Lair:8   | Reached skill level 17 in Axes
 20740 | Lair:8   | Reached skill level 18 in Axes
 21104 | Lair:8   | Received a gift from Trog
 21455 | Lair:3   | Killed a four-headed hydra
 21725 | Lair:1   | Identified the +3 leather armour "Kitylyj" {rC- Regen+ MP+9 SInv} (You found it on level 4 of the Lair of Beasts)
 21837 | Lair:4   | Got a slimy robe
 21848 | Lair:4   | Identified the cursed +1 robe of the Sun {rPois rC- rN+ MR-} (You found it on level 4 of the Lair of Beasts)
 22528 | D:9      | Found a bloodstained altar of Trog.
 22665 | D:10     | Entered Level 10 of the Dungeon
 22738 | D:9      | Reached skill level 19 in Axes
 23590 | D:11     | Found a staircase to the Orcish Mines.
 24145 | D:11     | Noticed Snorg
 24151 | D:11     | Killed Snorg
 24152 | D:11     | Received a gift from Trog
 24681 | D:11     | Reached skill level 20 in Axes
 24835 | Orc:1    | Entered Level 1 of the Orcish Mines
 24988 | Orc:2    | Found Xaitt's Assorted Antiques.
 24996 | Orc:2    | Bought a scroll of identify for 42 gold pieces
 24996 | Orc:2    | Bought a long glass wand for 84 gold pieces
 24996 | Orc:2    | Bought a scroll of identify for 42 gold pieces
 24996 | Orc:2    | Bought 3 scrolls labeled ECAZISE NELOA for 63 gold pieces
 25000 | Orc:2    | Bought a pair of ichor-stained boots for 199 gold pieces
 25010 | Orc:2    | Identified the +1 pair of boots of Cheibriados's Regard {Str+2} (You bought it in a shop on level 2 of the Orcish Mines)
 25365 | Orc:1    | Found a roughly hewn altar of Beogh.
 25549 | Orc:3    | Found a staircase to the Elven Halls.
 25643 | Orc:3    | Received a gift from Trog
 26208 | Orc:4    | Entered Level 4 of the Orcish Mines
 26257 | Orc:4    | Found Dabouxt's Quality Used Wands.
 26397 | Orc:4    | Found a roughly hewn altar of Beogh.
 26397 | Orc:4    | Found Jiruo's General Store.
 26397 | Orc:4    | Noticed an orc warlord
 26397 | Orc:4    | Noticed Blork the orc
 26850 | Orc:4    | Received a gift from Trog
 26894 | Orc:4    | Paralysed by an orc sorcerer for 6 turns
 26952 | Orc:4    | Reached XP level 15. HP: 136/144 MP: 14/14
 26955 | Orc:4    | Killed Blork the orc
 27101 | Orc:4    | Found Ufant's Antique Weapon Emporium.
 27109 | Orc:4    | Bought a polished battleaxe for 322 gold pieces
 27138 | Orc:4    | Killed an orc warlord
 27503 | Orc:4    | Found Qeyd's Antique Armour Emporium.
 27519 | Orc:4    | Bought a smoking plate armour for 728 gold pieces
 27600 | Orc:4    | Found Imoam's Book Emporium.
 27616 | Orc:4    | Identified the cursed +1 plate armour "Wocw" {+Fly rElec rN+} (You bought it in a shop on level 4 of the Orcish Mines)
 27617 | Orc:4    | Identified the +10 battleaxe of Evisceration {freeze, *Confuse rN+ MR++ Dex+2} (You bought it in a shop on level 4 of the Orcish Mines)
 27634 | Orc:4    | Bought a glowing plate armour for 598 gold pieces
 27826 | Orc:1    | Received a gift from Trog
 28297 | Orc:4    | Bought a scroll of identify for 30 gold pieces
 28297 | Orc:4    | Bought a wand of confusion (24) for 292 gold pieces
 28297 | Orc:4    | Bought a potion of curing for 45 gold pieces
 28427 | Lair:1   | Upgraded the game from 0.17.0 to 0.17.0-1-g61d176b
 28878 | D:12     | Noticed Josephine
 28901 | D:12     | Killed Josephine
 29077 | D:12     | Reached skill level 21 in Axes
 29709 | D:13     | Received a gift from Trog
 30417 | D:14     | Noticed Roxanne
 30466 | D:14     | Noticed Nessos
 30478 | D:14     | Killed Nessos
 30481 | D:14     | Reached skill level 22 in Axes
 30672 | D:14     | Found a gate to the Vaults.
 30801 | D:14     | Received a gift from Trog
 31087 | D:14     | Found a deep blue altar of Sif Muna.
 31208 | D:15     | Entered Level 15 of the Dungeon
 31340 | D:15     | Identified a scroll of acquirement
 31765 | D:15     | Reached skill level 23 in Axes
 31949 | D:15     | Reached XP level 16. HP: 134/151 MP: 15/15
 32511 | D:15     | Found a staircase to the Depths.
 32517 | Depths:1 | Entered Level 1 of the Depths
 32820 | D:11     | Cast into the Abyss (skeletal warrior)
 32905 | D:11     | Escaped the Abyss
 33464 | Spider:1 | Entered Level 1 of the Spider Nest
 34739 | Spider:2 | Received a gift from Trog
 34798 | Spider:2 | Reached skill level 24 in Axes
 35517 | Spider:2 | Noticed Agnes
 35523 | Spider:2 | Killed Agnes
 35837 | Spider:3 | Received a gift from Trog
 36220 | Spider:3 | Noticed Asterion
 36228 | Spider:3 | Killed Asterion
 37514 | Spider:4 | Entered Level 4 of the Spider Nest
 38188 | Spider:4 | Reached XP level 17. HP: 138/166 MP: 16/16
 38633 | Spider:4 | Received a gift from Trog
 39637 | Spider:4 | Got a gossamer rune of Zot
 40260 | D:3      | Killed Sigmund
 40293 | D:3      | Received a gift from Trog
 40618 | Shoals:1 | Entered Level 1 of the Shoals
 40741 | Shoals:1 | Noticed Kirke
 40752 | Shoals:1 | Killed Kirke
 41474 | Shoals:1 | Found Bugh's Antique Weapon Boutique.
 41482 | Shoals:1 | Bought a runed blowgun for 70 gold pieces
 43120 | Shoals:3 | Noticed Polyphemus
 43464 | Shoals:3 | Killed Polyphemus
 43546 | Shoals:3 | Received a gift from Trog
 43546 | Shoals:3 | Reached XP level 18. HP: 174/184 MP: 17/17
 44593 | Shoals:4 | Entered Level 4 of the Shoals
 44630 | Shoals:4 | Noticed Ilsuiw
 45055 | Shoals:4 | Noticed Louise
 45063 | Shoals:4 | Killed Louise
 45068 | Shoals:4 | Received a gift from Trog
 45072 | Shoals:4 | Killed Ilsuiw
 46004 | Shoals:3 | Received a gift from Trog
 46583 | Shoals:4 | Got a barnacled rune of Zot
 47355 | Vaults:1 | Entered Level 1 of the Vaults
 48025 | Vaults:1 | Received a gift from Trog
 48056 | Vaults:1 | Reached XP level 19. HP: 166/198 MP: 18/18
 49003 | Vaults:1 | Received a gift from Trog
 49758 | Vaults:2 | Noticed Sojobo
 49773 | Vaults:2 | Killed Sojobo
 49773 | Vaults:2 | Received a gift from Trog
 50151 | Vaults:2 | Found a staircase to the Crypt.
 51104 | Vaults:3 | Received a gift from Trog
 51681 | Vaults:4 | Reached XP level 20. HP: 206/206 MP: 19/19
 52399 | Vaults:4 | Received a gift from Trog
 54306 | Depths:1 | Received a gift from Trog
 54732 | Depths:1 | Found a one-way gate to the infinite horrors of the Abyss.
 54968 | Depths:1 | Received a gift from Trog
 54975 | Depths:1 | Got a transparent battleaxe {god gift}
 54976 | Depths:1 | Identified the +5 battleaxe "Xeiwk" {flame, rPois} (Trog gifted it to you on level 1 of the Depths)
 55036 | Depths:1 | Found a gateway to Hell.
 56419 | Depths:2 | Found a gateway to a ziggurat.
 56466 | Depths:2 | Received a gift from Trog
 56973 | Depths:2 | Reached XP level 21. HP: 147/214 MP: 20/20
 57044 | Depths:2 | Received a gift from Trog
 57047 | Depths:2 | Got an ancient executioner's axe {god gift}
 57101 | Depths:2 | Identified the +7 executioner's axe of Patterns {chop, rN+++ Str+4 Dex-3} (Trog gifted it to you on level 2 of the Depths)
 57116 | Depths:2 | Reached skill level 25 in Axes
 57560 | Depths:2 | Got a faintly glowing granite ring
 57562 | Depths:2 | Identified the ring "Ceigh" {rPois Str+2} (You found it on level 2 of the Depths)
 58250 | Depths:3 | Found a one-way gate leading to the halls of Pandemonium.
 58262 | Depths:3 | Noticed Nikola
 58269 | Depths:3 | Received a gift from Trog
 58290 | Depths:3 | Reached skill level 26 in Axes
 58317 | Depths:3 | Killed Nikola
 58873 | Depths:3 | Identified the Compendium of Enhancements
 59626 | Depths:4 | Paralysed by a sphinx for 6 turns
 60188 | Depths:4 | Reached XP level 22. HP: 216/226 MP: 16/21
 60352 | Depths:4 | Got a faintly glowing lead amulet
 60354 | Depths:4 | Identified the amulet "Vutunlomn" {Clar rF+ rC++} (You found it on level 4 of the Depths)
 60971 | Depths:5 | Entered Level 5 of the Depths
 61663 | Depths:5 | Received a gift from Trog
 61963 | Depths:5 | Found a gate to the Realm of Zot.
 62023 | Depths:5 | Noticed Jory
 62031 | Depths:5 | Killed Jory
 62037 | Depths:5 | Noticed a juggernaut
 62046 | Depths:5 | Killed a juggernaut
 62172 | Depths:5 | Received a gift from Trog
 63900 | Elf:1    | Entered Level 1 of the Elven Halls
 63917 | Elf:1    | Reached skill level 27 in Fighting
 64222 | Elf:1    | Received a gift from Trog
 64254 | Elf:1    | Noticed Aizul
 64268 | Elf:1    | Killed Aizul
 65010 | Elf:2    | Found a huge runed gate.
 65010 | Elf:2    | Found a huge runed gate.
 65010 | Elf:2    | Found a huge runed gate.
 65010 | Elf:2    | Found a huge runed gate.
 65010 | Elf:2    | Found a huge runed gate.
 65230 | Elf:2    | Received a gift from Trog
 65358 | Elf:2    | Found Kimo's Food Emporium.
 65926 | Elf:3    | Entered Level 3 of the Elven Halls
 66109 | Elf:3    | Received a gift from Trog
 66456 | Elf:3    | Noticed Norris
 66474 | Elf:3    | Killed Norris
 66474 | Elf:3    | Reached XP level 23. HP: 199/240 MP: 22/22
 67460 | Elf:3    | Received a gift from Trog
 67867 | Elf:3    | Got a faintly glowing bronze ring
 68590 | Elf:3    | Got a blackened blowgun
 68591 | Elf:3    | Identified the +6 blowgun of Yruaxoyj {evade, Dex+3} (You found it on level 3 of the Elven Halls)
 68648 | Elf:3    | Identified the ring "Imerazahag" {Str+3 Int+5 Stlth-} (You took it off a deep elf sorcerer on level 3 of the Elven Halls)
 69870 | Vaults:5 | Entered Level 5 of the Vaults
 69875 | Vaults:5 | Received a gift from Trog
 69886 | Vaults:5 | Received a gift from Trog
 70308 | Vaults:5 | Reached skill level 27 in Armour
 70440 | Vaults:5 | Noticed puimuR's ghost (adept DDAr)
 70537 | Vaults:5 | Killed puimuR's ghost
 70537 | Vaults:5 | Reached skill level 5 in Dodging
 71446 | Vaults:5 | Got a slimy steel ring
 71448 | Vaults:5 | Identified the cursed ring "Kewne" {MR+ Int-2} (You took it off an orc warrior on level 5 of the Vaults)
 71468 | Vaults:5 | Got a silver rune of Zot
 71559 | Vaults:5 | Received a gift from Trog
 71587 | Vaults:5 | Reached XP level 24. HP: 227/249 MP: 22/22
 71716 | Vaults:5 | Reached skill level 10 in Dodging
 72863 | Vaults:5 | Received a gift from Trog
 78133 | Depths:5 | Upgraded the game from 0.17.0-1-g61d176b to 0.17.0-7-gfadd4cc
 78396 | Crypt:1  | Entered Level 1 of the Crypt
 78533 | Crypt:1  | Noticed Frederick
 78542 | Crypt:1  | Killed Frederick
 78894 | Crypt:1  | Reached skill level 15 in Dodging
 78907 | Crypt:1  | Noticed Wiglaf
 78919 | Crypt:1  | Killed Wiglaf
 79557 | Crypt:1  | Noticed Jorgrun
 79599 | Crypt:1  | Killed Jorgrun
 79949 | Crypt:2  | Noticed Khufu
 79949 | Crypt:2  | Noticed a greater mummy
 80662 | Crypt:1  | Killed a greater mummy
 80922 | Crypt:2  | Killed Khufu
 81112 | Crypt:2  | Reached XP level 25. HP: 181/255 MP: 22/22
 81705 | Crypt:2  | Got a brightly glowing great mace
 81706 | Crypt:2  | Identified the cursed +1 great mace of Imbalance {crush, rC+ Str-3 Int+9} (You found it on level 2 of the Crypt)
 82212 | Crypt:3  | Entered Level 3 of the Crypt
 83568 | Crypt:3  | Found a staircase to the Tomb.
 83568 | Crypt:3  | Noticed an ancient lich
 83582 | Crypt:3  | Killed an ancient lich
 83740 | Crypt:3  | Found an ancient bone altar of Kikubaaqudgha.
 85087 | Zot:1    | Entered Level 1 of the Realm of Zot
 85865 | Zot:1    | Got a pair of jewelled boots
 85876 | Zot:1    | Identified the -1 pair of boots of the Komtur {rN+} (You found it on level 1 of the Realm of Zot)
 86676 | Zot:1    | Noticed an orb of fire
 86972 | Zot:1    | Reached XP level 26. HP: 253/264 MP: 22/22
 87009 | Zot:1    | oof
 87138 | Zot:2    | Noticed an orb of fire
 87148 | Zot:2    | Gained mutation: You are weak. (Str -2) [an orb of fire]
 87149 | Zot:2    | Gained mutation: You are frail (-10% HP). [an orb of fire]
 87155 | Zot:2    | Killed an orb of fire
 89400 | Zot:3    | Received a gift from Trog
 90120 | Zot:4    | Reached XP level 27. HP: 222/243 MP: 22/22
 90408 | Zot:4    | Received a gift from Trog
 91285 | Zot:5    | Entered Level 5 of the Realm of Zot
 91389 | Zot:2    | Got a dazzling battleaxe
 91390 | Zot:2    | Identified the +7 battleaxe "Obacybb" {speed, MP+9 Int+7} (You found it on level 2 of the Realm of Zot)
 91542 | Depths:3 | Got an ichor-stained arbalest
 91543 | Depths:3 | Identified the +4 arbalest of Sharkskin {freeze, rPois rC+++ MP+9 SInv} (You found it on level 3 of the Depths)
 91778 | D:12     | Got a bloodstained trident
 91779 | D:12     | Identified the +2 trident "Surghyet" {pierce, rN+ Str+6} (You found it on level 12 of the Dungeon)
 92047 | Vaults:5 | Got a jewelled battleaxe {god gift}
 92048 | Vaults:5 | Identified the +8 battleaxe of Urgency {flame, rElec rC+ Str+4 Int+4} (Trog gifted it to you on level 5 of the Vaults)
 92105 | Vaults:5 | Got a twisted scale mail
 92116 | Vaults:5 | Identified the +1 scale mail of Miygika {rPois rF+ MR- MP+9} (You found it on level 5 of the Vaults)
 92555 | Orc:4    | Bought a slimy morningstar for 252 gold pieces
 92555 | Orc:4    | Identified the +5 morningstar of Benevolence {speed, Str+3} (You bought it in a shop on level 4 of the Orcish Mines)
 92574 | Orc:4    | Bought a twisted leather armour for 182 gold pieces
 92584 | Orc:4    | Identified the cursed +1 leather armour of Paranoia {+Inv rElec rF+} (You bought it in a shop on level 4 of the Orcish Mines)
 92916 | Shoals:3 | Got a scorched hand axe {god gift}
 92920 | Shoals:3 | Identified the +12 hand axe of the Viper {vamp, Int+3} (Trog gifted it to you on level 3 of the Shoals)
 93193 | Temple   | Entered the Ecumenical Temple
 93598 | Slime:1  | Entered Level 1 of the Pits of Slime
 93843 | Slime:2  | Received a gift from Trog
 93877 | Slime:3  | Noticed Dissolution
 93888 | Slime:3  | Killed Dissolution
 94202 | Slime:6  | Entered Level 6 of the Pits of Slime
 94239 | Slime:6  | Reached skill level 27 in Dodging
 94250 | Slime:6  | Reached skill level 1 in Throwing
 94620 | Slime:6  | Noticed the royal jelly
 94628 | Slime:6  | Killed the royal jelly
 94628 | Slime:6  | Reached skill level 5 in Throwing
 95390 | Slime:6  | Got a slimy rune of Zot
 95393 | Slime:6  | Got a flickering tin ring
 95395 | Slime:6  | Identified the ring "Etzugubi" {rElec Str+3 Int-3 Dex+6} (You found it on level 6 of the Pits of Slime)
 95430 | Slime:6  | Got a smoking plate armour
 95441 | Slime:6  | Identified the +6 plate armour of Kikubaaqudgha's Regard {*Contam MR- Str+3 Dex+7} (You found it on level 6 of the Pits of Slime)
 95465 | Slime:6  | Received a gift from Trog
 95636 | Slime:6  | Got a transparent great mace
 95637 | Slime:6  | Identified the +11 great mace "Fotevikui" {crush, *Corrode rF+ rC++ Stlth+} (You found it on level 6 of the Pits of Slime)
 98370 | Temple   | Fell from the grace of Trog
 98370 | Temple   | Became a worshipper of Zin the Law-Giver
 98370 | Temple   | Reached * piety under Zin
 98370 | Temple   | Reached ** piety under Zin
 99562 | Zot:5    | Noticed Tiamat
 99889 | Zot:5    | Killed Tiamat
 99889 | Zot:5    | Reached skill level 10 in Throwing
 99980 | Zot:5    | Noticed an orb of fire
100693 | Tomb:1   | Entered Level 1 of the Tomb of the Ancients
100780 | Tomb:1   | Reached *** piety under Zin
101872 | Tomb:1   | Reached **** piety under Zin
102460 | Tomb:1   | Demolished by a stone giant

Action                   |  1- 3 |  4- 6 |  7- 9 | 10-12 | 13-15 | 16-18 | 19-21 | 22-24 | 25-27 || total
-------------------------+-------+-------+-------+-------+-------+-------+-------+-------+-------++-------
Melee: Hand axe          |    76 |    90 |       |       |       |       |       |       |       ||   166
       War axe           |       |    24 |   334 |   567 |       |       |       |       |       ||   925
       Mace              |       |       |       |    22 |     8 |       |       |       |       ||    30
       Broad axe         |       |       |       |   164 |   672 |    23 |       |       |       ||   859
       Battleaxe         |       |       |       |       |   621 |  1178 |   123 |   402 |    15 ||  2339
       Executioner's axe |       |       |       |       |       |       |  1078 |   952 |  1574 ||  3604
       Blowgun           |       |       |       |       |       |       |       |     1 |       ||     1
Throw: Javelin           |       |       |     6 |    11 |     2 |       |       |     4 |     3 ||    26
Invok: Berserk           |       |     2 |     5 |     9 |    10 |    14 |     6 |     2 |     4 ||    52
       Brothers in Arms  |       |       |     2 |       |     3 |     9 |     9 |     8 |     3 ||    34
       Burn Spellbooks   |       |       |       |       |     3 |     3 |     3 |     9 |     4 ||    22
       Trog's Hand       |       |       |       |       |     6 |    18 |    22 |    36 |     9 ||    91
       Vitalisation      |       |       |       |       |       |       |       |       |     1 ||     1
 Abil: Evoke Flight      |       |       |       |       |       |     4 |     4 |     3 |       ||    11
       Stop Flying       |       |       |       |       |       |       |     3 |       |       ||     3
Evoke: Wand              |       |       |       |     6 |     2 |     6 |     6 |     6 |     6 ||    32
  Use: Scroll            |     6 |     3 |     2 |     4 |    16 |    15 |    11 |    26 |     8 ||    91
       Potion            |       |       |     1 |       |     2 |    12 |     5 |     1 |     2 ||    23
 Stab: Distracted        |       |     1 |       |       |       |     6 |     3 |     2 |       ||    12
  Eat: Chunk             |     2 |     8 |    10 |    24 |    44 |    48 |    37 |    22 |     4 ||   199
       Fruit             |       |       |     8 |     8 |     9 |    17 |       |     1 |       ||    43
       Pizza             |       |       |     1 |       |       |     2 |       |     1 |       ||     4
       Bread ration      |       |       |       |     2 |     2 |     6 |     7 |    12 |     8 ||    37
       Beef jerky        |       |       |       |     2 |     3 |     1 |     1 |       |     1 ||     8
       Meat ration       |       |       |       |       |     1 |       |       |       |    14 ||    15
       Royal jelly       |       |       |       |       |       |       |       |       |     1 ||     1
